 Dungeon Crawl Stone Soup version 0.30-a0-777-ga9a30cbeda (webtiles) character file.

Game seed: 5297388709110438494

12404 testman the Fighter (level 11, -2/104 HPs)
             Began as a Minotaur Fighter on Feb 14, 2023.
             Was a High Priest of Okawaru.
             Slain by a troll (3 damage)
             ... on level 11 of the Dungeon.
             The game lasted 00:22:12 (8582 turns).

testman the Fighter (Minotaur Fighter)              Turns: 8582, Time: 00:22:12

Health: -2/104     AC: -4    Str: 24    XL:     11   Next: 62%
Magic:  0/25       EV: 10    Int:  5    God:    Okawaru [*****.]
Gold:   326        SH:  0    Dex: 11    Spells: 10/10 levels left

rFire   + . .      SeeInvis .    L - +5 battleaxe (vamp)
rCold   . . .      Faith    .    (shield currently unavailable)
rNeg    + . .      Spirit   +    E - +2 chain mail {rF+}
rPois   .          Reflect  .    (helmet restricted)
rElec   .          Harm     .    h - +0 cloak
rCorr   .          Rampage  .    C - +0 pair of gloves
Will    .....                    r - +0 pair of boots
Stlth   x                          - amulet of guardian spirit
HPRegen 0.37/turn                I - ring of positive energy
MPRegen 0.19/turn                v - ring of magical power

@: corroded, studying Dodging
A: horns 2, retaliatory headbutt
a: Renounce Religion, Heroism, Finesse, Duel


You were on level 11 of the Dungeon.
You worshipped Okawaru.
Okawaru was extremely pleased with you.
You visited 1 branch of the dungeon, and saw 11 of its levels.

You collected 524 gold pieces.
You spent 198 gold pieces at shops.

Inventory:

Hand Weapons
 a - a +0 war axe
 m - a +4 executioner's axe of draining
 L - a +5 vampiric battleaxe (weapon)
Missiles
 u - 14 boomerangs (quivered)
 w - 35 poisoned darts
 G - 9 curare-tipped darts
 H - 2 javelins
Armour
 b - a +0 scale mail
 c - a +0 buckler
 h - a +0 cloak (worn)
 r - a +0 pair of boots (worn)
 C - a +0 pair of gloves (worn)
 E - a +2 chain mail of fire resistance (worn)
Jewellery
 g - an amulet of regeneration
 v - a ring of magical power (right hand)
 x - an amulet of guardian spirit (around neck)
 I - a ring of positive energy (left hand)
 M - a +6 ring of intelligence
 O - a ring of flight
 P - a ring of resist corrosion
Wands
 i - a wand of roots (10)
 A - a wand of paralysis (36)
 B - a wand of flame (7)
 N - a wand of digging (2)
 R - a wand of polymorph (4)
Scrolls
 l - a scroll of fog
 n - 2 scrolls of amnesia
 p - 8 scrolls of teleportation
 q - a scroll of blinking
 y - 2 scrolls of silence
 z - a scroll of enchant armour {unknown}
 F - a scroll of enchant weapon {unknown}
 K - 3 scrolls of magic mapping
Potions
 d - 3 potions of might
 e - 3 potions of lignification
 f - 5 potions of mutation
 j - 2 potions of flight
 k - a potion of ambrosia
 o - 4 potions of heal wounds
 s - 2 potions of brilliance
 t - 3 potions of haste
 D - 8 potions of curing
 J - a potion of berserk rage
 Q - a potion of cancellation {unknown}


   Skills:
 + Level 12.1 Fighting
 + Level 11.8 Axes
 + Level 7.1 Throwing
 - Level 5.3 Armour
 + Level 5.8 Dodging
 - Level 4.0 Shields
 + Level 9.2 Invocations


You had 10 spell levels left.
You didn't know any spells.
Your spell library contained the following spells:

 Spells                   Type           Power      Damage    Failure   Level
 Beastly Appendage        Tmut           0%         N/A       98%         1
 Kiss of Death            Conj/Necr      0%         2d5       98%         1
 Slow                     Hex            0%         N/A       98%         1
 Lesser Beckoning         Tloc           0%         N/A       99%         2
 Wereblood                Tmut           0%         N/A       99%         2
 Confusing Touch          Hex            0%         N/A       100%        3
 Frozen Ramparts          Ice            0%         1d1       100%        3
 Gell's Gravitas          Tloc           0%         N/A       100%        3
 Portal Projectile        Hex/Tloc       0%         N/A       100%        3
 Spider Form              Tmut/Pois      0%         N/A       100%        3
 Teleport Other           Tloc           0%         N/A       100%        3
 Vampiric Draining        Necr           0%         2d6       100%        3
 Dispel Undead            Necr           0%         3d6       100%        4
 Ice Form                 Ice/Tmut       0%         N/A       100%        4
 Leda's Liquefaction      Hex/Erth       0%         N/A       100%        4
 Call Canine Familiar     Summ           Unusable   N/A       N/A         3
 Summon Ice Beast         Ice/Summ       Unusable   N/A       N/A         4

Dungeon Overview and Level Annotations

Branches:
Dungeon (11/15)            Temple (0/1) D:5            Lair (0/5) D:10
    Orc: D:9-12

Altars:
Ashenzari
Fedhas
Gozag
Okawaru
Ru
Wu Jian
Xom
Yredelemnul

Shops:
D:7 [[[?


Innate Abilities, Weirdness & Mutations

You have a pair of horns on your head.
You reflexively headbutt those who attack you in melee.


Message History

You slash the demonic plant!
A nearby demonic plant withers and dies.
The rust devil hits you. The rust devil corrodes you!
You slash the rust devil!
The rust devil is severely wounded.
You closely miss the troll. The troll barely misses you.
You furiously retaliate!
You headbutt the troll. The troll claws you. The troll closely misses you.
The rust devil hits you. The rust devil corrodes you!
You closely miss the rust devil.
The rust devil is severely wounded.
You hit the troll but do no damage. The troll completely misses you.
The troll misses you. The troll claws you. The rust devil hits you.
The rust devil corrodes you!
You slice the rust devil!!
You kill the rust devil!
Okawaru is honoured by your kill.
You closely miss the troll. The troll bites you! The troll claws you!
The troll misses you.
You hit the troll.
The troll is lightly wounded.
The troll barely misses you. The troll claws you! The troll claws you.
The troll barely misses you. The troll claws you! The troll closely misses you.
You are too injured to fight recklessly!
You are too injured to fight recklessly!
You barely miss the troll. You headbutt the troll.
The troll is moderately wounded.
The troll bites you. The troll claws you. x2
You completely miss the troll. Your headbutt misses the troll.
The troll is moderately wounded.
The troll bites you. The troll claws you! x2
* * * LOW HITPOINT WARNING * * *
You closely miss the troll.
The troll is moderately wounded.
The troll bites you!
* * * LOW HITPOINT WARNING * * *
The troll claws you!
* * * LOW HITPOINT WARNING * * *
The troll claws you.
You die...

##..## ###...##
#......##
##...>..#####
#..........## .
#...........## ## ...
##............#
P♣♣....
##.............##T/.♣#
#...............@.P..#
#.♣.⌠P..............⌠#
.....♣..........######
..P.P..........##
##♣.P.........##
######.......#
##..###..# #### #..#
#..


You could see a troll.

Vanquished Creatures
  3 two-headed ogres
  Amaemon (D:8)
  Pikel (D:7)
  A rust devil (D:11)
  Joseph (D:7)
  2 smoke demons (D:11)
  An orange demon (D:8)
  3 unseen horrors
  6 yaks (D:8)
  4 steam dragons
  2 wyverns
  A chaos spawn (D:11)
  2 wargs (D:10)
  3 water moccasins
  2 ice beasts
  4 orc warriors
  3 sky beasts
  4 black bears
  An ogre (D:6)
  3 centaurs (D:8)
  A lemure (D:7)
  4 kobold brigands
  4 bullfrogs
  A scorpion (D:4)
  4 necrophages
  13 wights
  15 killer bees
  2 electric eels
  6 howler monkeys
  5 orc priests
  2 hounds
  2 jellies
  Terence (D:3)
  2 iguanas
  14 orc wizards
  Robin (D:4)
  7 gnolls
  9 adders
  A shadow imp (D:6)
  2 white imps
  3 dart slugs (D:3)
  34 orcs
  5 bats
  7 endoplasms
  6 giant cockroaches
  14 goblins
  5 hobgoblins
  5 jackals
  26 kobolds
  A quokka (D:3)
  5 ball pythons
  7 frilled lizards
  4 rats
  2 bushes (D:2)
268 creatures vanquished.

Vanquished Creatures (others)
  An orc wizard (D:7)
  A demonic plant (D:11)
  10 plants
12 creatures vanquished.

Grand Total: 280 creatures vanquished

Notes
Turn   | Place    | Note
-------+----------+-------------------------------------------
     0 | D:1      | testman the Minotaur Fighter began the quest for the Orb.
     0 | D:1      | Reached XP level 1. HP: 19/19 MP: 0/0
   117 | D:1      | You fall into a shaft and drop 1 floor!
   137 | D:2      | Reached XP level 2. HP: 27/27 MP: 1/1
   354 | D:1      | Reached skill level 4 in Fighting
   718 | D:2      | Reached XP level 3. HP: 31/33 MP: 2/2
   800 | D:2      | Found Voylunie's Magic Scroll Shoppe.
   921 | D:2      | Reached XP level 4. HP: 41/41 MP: 3/3
  1409 | D:3      | Found a broken altar of Ashenzari.
  1414 | D:3      | Noticed Terence
  1421 | D:3      | Killed Terence
  1422 | D:3      | Reached XP level 5. HP: 46/47 MP: 4/4
  1557 | D:3      | Reached skill level 5 in Armour
  1580 | D:3      | Reached skill level 5 in Fighting
  1721 | D:4      | Found an iron altar of Okawaru.
  1724 | D:4      | Became a worshipper of Warmaster Okawaru
  1876 | D:4      | Reached skill level 1 in Invocations
  1876 | D:4      | Reached XP level 6. HP: 56/56 MP: 5/5
  1898 | D:4      | Noticed a water moccasin
  1908 | D:4      | Killed a water moccasin
  1909 | D:4      | Reached skill level 5 in Axes
  1910 | D:4      | Reached * piety under Okawaru
  1919 | D:4      | Reached skill level 6 in Fighting
  1963 | D:4      | Noticed Robin
  1970 | D:4      | Killed Robin
  1984 | D:4      | Reached XP level 7. HP: 63/63 MP: 7/7
  2392 | D:4      | Found a shimmering altar of Xom.
  2392 | D:4      | Found a basalt altar of Yredelemnul.
  2463 | D:5      | Entered Level 5 of the Dungeon
  2733 | D:5      | Reached skill level 7 in Fighting
  2750 | D:5      | Found a staircase to the Ecumenical Temple.
  2788 | D:5      | Noticed a two-headed ogre
  2805 | D:5      | Killed a two-headed ogre
  2805 | D:5      | Reached ** piety under Okawaru
  2806 | D:5      | Reached skill level 8 in Fighting
  2806 | D:5      | Reached skill level 5 in Invocations
  2806 | D:5      | Reached XP level 8. HP: 19/74 MP: 8/10
  3382 | D:6      | Reached *** piety under Okawaru
  3752 | D:6      | Reached skill level 1 in Throwing
  3777 | D:6      | Reached XP level 9. HP: 78/82 MP: 12/12
  4178 | D:6      | Reached skill level 9 in Fighting
  4311 | D:7      | Found Unykkyry's Armour Emporium.
  4392 | D:7      | Found Xonam's Armour Shop.
  4442 | D:7      | Noticed Pikel
  4454 | D:7      | Killed Pikel
  4517 | D:7      | Reached **** piety under Okawaru
  4545 | D:7      | Found Axesa's Armour Shop.
  4611 | D:7      | Found Daminaag's Magic Scroll Shoppe.
  4625 | D:7      | Bought a scroll of identify for 24 gold pieces
  4625 | D:7      | Bought a scroll of teleportation for 36 gold pieces
  4625 | D:7      | Bought a scroll of identify for 24 gold pieces
  4625 | D:7      | Bought a scroll of identify for 24 gold pieces
  4625 | D:7      | Bought a scroll of magic mapping for 90 gold pieces
  4727 | D:7      | Received a gift from Okawaru
  4759 | D:7      | Noticed Joseph
  4968 | D:7      | Killed Joseph
  4969 | D:7      | Reached skill level 10 in Fighting
  5052 | D:7      | Reached XP level 10. HP: 79/93 MP: 14/14
  5492 | D:8      | Noticed Amaemon
  5497 | D:8      | Noticed an orange demon
  5506 | D:8      | Killed Amaemon
  5507 | D:8      | Reached skill level 10 in Axes
  5514 | D:8      | Killed an orange demon
  5515 | D:8      | Reached skill level 5 in Throwing
  5621 | D:8      | Reached ***** piety under Okawaru
  5622 | D:8      | Reached skill level 11 in Fighting
  5643 | D:8      | Received a gift from Okawaru
  5929 | D:8      | Found an ornate altar of the Wu Jian Council.
  6196 | D:9      | Found an opulent altar of Gozag.
  6414 | D:9      | Found a blossoming altar of Fedhas.
  6598 | D:9      | Reached skill level 1 in Dodging
  6779 | D:9      | Reached XP level 11. HP: 92/101 MP: 16/16
  6814 | D:9      | Found a sacrificial altar of Ru.
  7309 | D:10     | Entered Level 10 of the Dungeon
  7445 | D:10     | Noticed a two-headed ogre
  7447 | D:10     | Noticed a two-headed ogre
  7451 | D:10     | Killed a two-headed ogre
  7458 | D:10     | Killed a two-headed ogre
  7458 | D:10     | Received a gift from Okawaru
  7537 | D:10     | Found a staircase to the Lair.
  8255 | D:11     | Reached skill level 5 in Dodging
  8256 | D:11     | Reached skill level 12 in Fighting
  8582 | D:11     | HP: 1/104 [troll (12)]
  8582 | D:11     | Slain by a troll

Illustrated notes

Levels and vault maps discovered:
D:1:      lightli_iron_boxes, layout_loops_ring
D:2:      layout_rooms, serial_shops, nicolae_lakefront_shop,
          lexackson_kobold_supper
D:3:      layout_rooms, general_overflow_altar, serial_aquarium,
          aquarium_bridge_square [aquarium_subvault_balcony,
          aquarium_subvault_window, aquarium_subvault_window,
          aquarium_subvault_bridge], aquarium_window_corridor_3,
          aquarium_window_fake, aquarium_view_2d, aquarium_pool_split,
          uniq_terence
D:4:      layout_basic, kennysheep_mini, gammafunk_temple_overflow_elements,
          uniq_robin
D:5:      layout_loops_ring, minmay_temple_entry_wispy
D:6:      layout_loops_corners
D:7:      layout_gridville, serial_shops, shop, shop, shop,
          kennysheep_little_box, kennysheep_dice, uniq_joseph, uniq_pikel
D:8:      layout_loops_ring, nzn_wu_jian_council_hall, minmay_manual_mares,
          uniq_amaemon
D:9:      layout_stronghold, fedhas_altar_2, mainiacjoe_overflow_chevrons,
          nicolae_ru_the_path_less_chosen, hangedman_abyss_or_decor_clamps
D:10:     layout_loops_ring, erik_lair_orcish_takeover, minivault_24,
          hive_lemuel
D:11:     layout_cave_pods, minmay_orc_entry_temple_small, serial_demonic,
          serial_demonic_e, serial_demonic_e, serial_demonic_e,
          serial_demonic_c, minmay_statue_bubble

Skill      XL: |  1  2  3  4  5  6  7  8  9 10 11 |
---------------+----------------------------------+-----
Armour         | 4 5 |  5.3
Fighting       | 4 5 6 8 10 11 12 | 12.1
Shields        | 4 |  4.0
Axes           | 3 4 5 7 8 9 11 | 11.8
Invocations    | 1 2 5 7 8 9 |  9.2
Throwing       | 1 4 6 7 |  7.1
Dodging        | 1 5 |  5.8

Action                     |  1- 3 |  4- 6 |  7- 9 | 10-12 || total
---------------------------+-------+-------+-------+-------++-------
  Melee: War axe           |    58 |   165 |   162 |       ||   385
         Headbutt          |     8 |    37 |    35 |    52 ||   132
         Battleaxe         |       |       |    37 |   264 ||   301
  Throw: Dart              |       |       |     3 |       ||     3
 Invoke: Heroism           |       |       |       |     2 ||     2
    Use: Scroll            |       |       |    17 |     2 ||    19
         Potion            |       |       |       |     1 ||     1
 Armour: Scale mail        |    36 |    67 |     5 |       ||   108
         Chain mail        |       |       |   126 |   193 ||   319
  Dodge: Dodged            |    28 |    59 |    71 |   143 ||   301
  Block: Buckler           |    10 |    36 |    47 |       ||    93

Table legend: (Time is in decaauts)
 A = Elapsed time spent in this place.
 B = Non-inter-level travel time spent in this place.
 C = Inter-level travel time spent in this place.
 D = Time resting spent in this place.
 E = Time spent auto-exploring this place.
 F = Levels seen in this place.
 G = Mean time per level.
                   A        B        C        D        E       F      G
               +--------+--------+--------+--------+--------+-----+--------+
         Total |   8740 |   8317 |    423 |    317 |   6434 |  11 |  794.5 |
       Dungeon |   8740 |   8317 |    423 |    317 |   6434 |  11 |  794.5 |
               +--------+--------+--------+--------+--------+-----+--------+

Top non-repeatable levels by time:
     D:6: 1233 daAuts
     D:9: 1123 daAuts
    D:10: 945 daAuts
     D:7: 902 daAuts
     D:8: 834 daAuts
     D:5: 815 daAuts
     D:4: 795 daAuts
     D:1: 641 daAuts
     D:3: 591 daAuts
     D:2: 512 daAuts
    D:11: 343 daAuts
